 Dungeon Crawl Stone Soup version 0.28.0-45-g0d030f2227 (webtiles) character file.

Game seed: 9340436860182292423

373 MisterFreud the Digger (level 6, 0/45 HPs)
             Began as a Ghoul Earth Elementalist on Apr 12, 2022.
             Slain by an orc
             ... wielding a +0 trident
              (5 damage)
             ... on level 3 of the Dungeon.
             The game lasted 00:08:46 (3546 turns).

MisterFreud the Digger (Ghoul Earth Elementalist)   Turns: 3546, Time: 00:08:46

Health: 0/45       AC:  4    Str: 12    XL:     6   Next: 71%
Magic:  9/9        EV: 12    Int: 12    God:
Gold:   102        SH:  0    Dex:  9    Spells: 5/11 levels left

rFire   . . .      SeeInvis .   p - +1 dagger (venom)
rCold   + . .      Faith    .   (no shield)
rNeg    + + +      Spirit   .   l - +2 robe {Will+}
rPois   ∞          Reflect  .   (no helmet)
rElec   .          Harm     .   (no cloak)
rCorr   .          Rampage  .   (no gloves)
Will    +....                   (no boots)
Stlth   ++........              (no amulet)
HPRegen 0.00/turn               (no ring)
MPRegen 0.11/turn               (no ring)

@: inhibited regen
A: claws 1, cold resistance 1, negative energy resistance 3, inhibited
regeneration, torment resistance 2
a: no special abilities


You were on level 3 of the Dungeon.
You visited 1 branch of the dungeon, and saw 4 of its levels.

You collected 125 gold pieces.
You spent 23 gold pieces at shops.

Inventory:

Hand Weapons
 b - a +0 morningstar
 p - a +1 dagger of venom (weapon)
Missiles
 c - 29 stones
Armour
 j - a +0 buckler
 l - a +2 robe of willpower (worn)
Jewellery
 a - a ring of ice
Wands
 u - a wand of flame (10)
Scrolls
 d - a scroll of magic mapping {unknown}
 i - a scroll of blinking
 m - a scroll of identify {unknown}
 o - a scroll of fear {unknown}
 r - a scroll of holy word {unknown}
 s - a scroll of silence {unknown}
Potions
 e - a potion of resistance {unknown}
 f - 3 potions of heal wounds {unknown}
 g - a potion of ambrosia {unknown}
 h - a potion of brilliance {unknown}
 k - 3 potions of attraction {unknown}
 n - a potion of magic {unknown}
 q - a potion of lignification {unknown}
 t - a potion of mutation {unknown}
 v - a potion of curing {unknown}


   Skills:
 - Level 1.7 Dodging
 - Level 2.1 Stealth
 - Level 0.3 Shields
 - Level 3.0 Spellcasting
 + Level 2.1 Conjurations
 - Level 0.8 Transmutations
 + Level 6.5 Earth Magic


You had 5 spell levels left.
You knew the following spells:

 Your Spells              Type           Power      Damage    Failure   Level
a - Sandblast             Erth           34%        2d9       1%          1
b - Stone Arrow           Conj/Erth      24%        3d8       12%         3
c - Passwall              Tmut/Erth      8%         N/A       9%          2

Your spell library contained the following spells:

 Spells                   Type           Power      Damage    Failure   Level
 Petrify                  Tmut/Erth      10%        N/A       47%         4


Dungeon Overview and Level Annotations

Branches:
Dungeon (4/15)
 Temple: D:4-7

Altars:

Shops:
D:1 *

Annotations:
D:3 Blork the orc


Innate Abilities, Weirdness & Mutations

You thrive by killing the living.
You are immune to poison.
You have sharp fingernails.
Your flesh is cold resistant. (rC+)
You are immune to negative energy. (rN+++)
You do not regenerate when monsters are visible.
You are immune to unholy pain and torment.


Message History

You hit the gnoll.
The gnoll is lightly wounded.
The gnoll closely misses you.
You barely miss the gnoll.
The gnoll is lightly wounded.
The gnoll hits you with a +0 spear!
You barely miss the gnoll. The gnoll completely misses you.
You hit the gnoll.
The gnoll is poisoned.
The gnoll is lightly wounded.
The gnoll hits you with a +0 spear.
You hit the gnoll but do no damage.
The gnoll looks as sick as possible!
The gnoll is moderately wounded.
The gnoll misses you.
There is a large open door here.
The gnoll hits you from afar with a +0 spear.
There is a large open door here.
You kill the gnoll!
The orc shouts!
The gnoll closely misses you.
There is an open door here.
You hit the gnoll.
The gnoll is poisoned.
The gnoll is heavily wounded.
The gnoll hits you with a +0 club.
* * * LOW HITPOINT WARNING * * *
You closely miss the gnoll.
The gnoll is heavily wounded.
The orc hits you from afar with a +0 trident.
* * * LOW HITPOINT WARNING * * *
The gnoll hits you with a +0 club.
* * * LOW HITPOINT WARNING * * *
You kill the gnoll!
The rat bites you.
* * * LOW HITPOINT WARNING * * *
You closely miss the rat. The rat completely misses you.
You closely miss the rat. The rat misses you.
The orc hits you from afar with a +0 trident.
* * * LOW HITPOINT WARNING * * *
You closely miss the rat.
The orc hits you from afar with a +0 trident.
You die...

#####o####### #....g...#
#.###.##.###### #
#...r....[..#.##
###.g#.####.#....
#...............
.......#.#..........#
##############.#..........#
#........oo.@r.'..........#
#.##############.....[....#
#.# #..........# #o#
#..$...#........$. # #o#
#......#......####### #.#
#......#............. #.#
#......####'######### #.#
#......# #.# #... #.#
#......# #.# #.##


You could see 2 orcs and a rat.

Vanquished Creatures
  Grinder (D:4)
  Natasha (thrice) (D:4)
  2 adders (D:2)
  4 gnolls (D:3)
  A worm (D:2)
  A dart slug (D:2)
  3 orcs
  3 endoplasms
  5 giant cockroaches
  3 goblins
  5 hobgoblins
  6 jackals
  2 quokkas (D:1)
  3 ball pythons
  5 bats
  A frilled lizard (D:2)
  3 kobolds
  4 rats (D:2)
55 creatures vanquished.

Notes
Turn   | Place    | Note
-------+----------+-------------------------------------------
     0 | D:1      | MisterFreud the Ghoul Earth Elementalist began the quest
                  | for the Orb.
     0 | D:1      | Reached XP level 1. HP: 14/14 MP: 2/2
   256 | D:1      | Found Fibrauro's Assorted Antiques.
   302 | D:1      | Bought a viscous blue potion for 23 gold pieces
   319 | D:1      | Reached XP level 2. HP: 20/20 MP: 0/4
   387 | D:1      | Found a faded altar of an unknown god.
  1310 | D:2      | Reached skill level 4 in Earth Magic
  1310 | D:2      | Reached XP level 3. HP: 26/26 MP: 2/5
  1627 | D:2      | Learned a level 3 spell: Stone Arrow
  2138 | D:2      | Learned a level 2 spell: Passwall
  2159 | D:2      | Reached XP level 4. HP: 33/33 MP: 7/7
  2381 | D:3      | Noticed a gnoll sergeant
  2409 | D:4      | Noticed Blork the orc
  2565 | D:4      | Noticed Natasha
  2572 | D:4      | Killed Natasha
  2831 | D:4      | Noticed Natasha
  2840 | D:4      | HP: 1/33 [white imp/puff of frost[Natasha] (3)]
  2841 | D:4      | Killed Natasha
  2842 | D:4      | Reached skill level 1 in Conjurations
  2842 | D:4      | Reached XP level 5. HP: 1/38 MP: 3/8
  3167 | D:4      | Noticed Natasha
  3176 | D:4      | Killed Natasha
  3177 | D:4      | Reached skill level 5 in Earth Magic
  3205 | D:4      | Noticed Grinder
  3218 | D:4      | Paralysed by Grinder for 3 turns
  3228 | D:4      | Paralysed by Grinder for 6 turns
  3233 | D:4      | Killed Grinder
  3234 | D:4      | Reached skill level 6 in Earth Magic
  3234 | D:4      | Reached XP level 6. HP: 7/45 MP: 2/9
  3546 | D:3      | Slain by an orc

Illustrated notes

Levels and vault maps discovered:
D:1:      scummos_arrival_checkerplants, layout_basic,
          shapermc_ecumenical_altar_pompeii, serial_shops,
          nicolae_shop_window_shopping
D:2:      layout_basic, kennysheep_path_1
D:3:      minmay_skewed_foursquare, layout_basic,
          nicolae_overflow_hallway_of_the_gods, dk_vineyard_1, minivault_23,
          minmay_misc_feat_tower, uniq_ijyb
D:4:      layout_rooms, grunt_temple_overflow_champion_of_chaos, temple_green,
          grunt_ministairs_7, moated_statue, uniq_blork_the_orc, uniq_natasha,
          uniq_grinder

Skill      XL: |  1  2  3  4  5 |
---------------+----------------+-----
Spellcasting   | 2 3 |  3.0
Earth Magic    | 4 6 |  6.5
Conjurations   | 1 2 |  2.1
Dodging        | |  1.7
Stealth        | |  2.1
Shields        | |  0.3
Transmutations | |  0.8

Action                   |  1- 3 |  4- 6 || total
-------------------------+-------+-------++-------
Melee: Hand axe          |    90 |    46 ||   136
       Dagger            |       |    37 ||    37
 Cast: Sandblast         |    23 |    17 ||    40
       Stone Arrow       |       |     1 ||     1
  Use: Scroll            |       |     3 ||     3
 Stab: Sleeping          |       |     2 ||     2
Armor: Robe              |    47 |    26 ||    73
Dodge: Dodged            |    84 |    72 ||   156
Block: Buckler           |     6 |       ||     6
